TOP OF THE 1ST |
Boston Red Sox batting - Pitching for Baltimore Orioles : RHP Dustin Noriega
|
Pitching: RHP Dustin Noriega
|
|
Batting: RHB Ray Llewellyn
|
0-0: Fly out, F8 (Flyball, 89D, EV 108.1 MPH)
|
Batting: LHB Kevin McCormic Jr.
|
0-0: Called Strike 0-1: Foul Ball, location: 2F 0-2: Ball 1-2: Strikes out looking
|
Batting: LHB Jarrett Mordecai
|
0-0: Ball 1-0: Swinging Strike 1-1: Called Strike 1-2: Ball 2-2: Foul Ball, location: 2F 2-2: Fly out, F8 (Flyball, 8LS, EV 96.2 MPH)
|
Top of the 1st over - 0 runs, 0 hits, 0 errors, 0 left on base; Boston 0 - Baltimore 0 |
BOTTOM OF THE 1ST |
Baltimore Orioles batting - Pitching for Boston Red Sox : LHP Momosuke Sato
|
Pitching: LHP Momosuke Sato
|
|
Batting: SHB Robbie Rogers
|
0-0: Ball 1-0: Fly out, F7 (Flyball, 7LSF, EV 82.5 MPH)
|
Batting: RHB Bobby Ayala
|
0-0: Swinging Strike 0-1: Ball 1-1: Swinging Strike 1-2: SINGLE (Groundball, 25, EV 70.0 MPH) (infield hit)
|
Batting: RHB Rudo Garciaparra
|
0-0: Called Strike 0-1: Ball 1-1: Called Strike 1-2: Fly out, F4 (Popup, 4D, EV 56.2 MPH)
|
Batting: RHB Saimei Kudo
|
0-0: Ball 1-0: Called Strike 1-1: Ball 2-1: Foul Ball, location: 2F 2-2: Foul Ball, location: 2F 2-2: Foul Ball, location: 2F 2-2: TRIPLE (Groundball, 5L, EV 103.1 MPH) Bobby Ayala scores
|
Batting: SHB Jason Hayes
|
0-0: Called Strike 0-1: Ground out 5-3 (Groundball, 56, EV 103.8 MPH)
|
Bottom of the 1st over - 1 run, 2 hits, 0 errors, 1 left on base; Boston 0 - Baltimore 1 |
TOP OF THE 2ND |
Boston Red Sox batting - Pitching for Baltimore Orioles : RHP Dustin Noriega
|
Batting: LHB Sakae Kasahara
|
0-0: Ball 1-0: Ball 2-0: Ball 3-0: Base on Balls
|
Batting: RHB Nick Esteves
|
0-0: Called Strike 0-1: Ball 1-1: Fly out, F7 (Flyball, 7, EV 87.5 MPH)
|
Batting: RHB Jose Diaz
|
0-0: 2-RUN HOME RUN (Flyball, 7D, EV 98.8 MPH), Distance : 393 ft
|
Batting: SHB Greg Shaw
|
0-0: Ball 1-0: Foul Ball, location: 2F 1-1: Ball 2-1: Called Strike 2-2: Ball 3-2: Fly out, F8 (Flyball, 8LM, EV 80.0 MPH)
|
Batting: RHB Mike McElroy
|
0-0: Ball 1-0: Called Strike 1-1: Ball 2-1: Ground out 6-3 (Groundball, 6, EV 81.9 MPH)
|
Top of the 2nd over - 2 runs, 1 hit, 0 errors, 0 left on base; Boston 2 - Baltimore 1 |
BOTTOM OF THE 2ND |
Baltimore Orioles batting - Pitching for Boston Red Sox : LHP Momosuke Sato
|
Batting: RHB Raul Mendoza
|
0-0: Ground out 6-3 (Groundball, 6, EV 83.1 MPH)
|
Batting: RHB Travis Leonard
|
0-0: Ball 1-0: Ball 2-0: Ground out 4-3 (Groundball, 4M, EV 105.0 MPH)
|
Batting: SHB Eduardo Maldonado
|
0-0: SINGLE (Groundball, 6MD, EV 95.0 MPH)
|
Batting: RHB Luis Ramos
|
0-0: Fielders Choice at 2nd, 5-4 (Groundball, 56, EV 89.4 MPH)
|
Bottom of the 2nd over - 0 runs, 1 hit, 0 errors, 1 left on base; Boston 2 - Baltimore 1 |
TOP OF THE 3RD |
Boston Red Sox batting - Pitching for Baltimore Orioles : RHP Dustin Noriega
|
Batting: RHB Joe Sandoval
|
0-0: Called Strike 0-1: Foul Ball, location: 2F 0-2: SINGLE (Groundball, 25, EV 66.9 MPH) (infield hit)
|
Batting: RHB Ray Llewellyn
|
0-0: Ball 1-0: Ball 2-0: Ball 3-0: Base on Balls Joe Sandoval to second
|
Batting: LHB Kevin McCormic Jr.
|
0-0: Called Strike 0-1: Fly out, F8 (Flyball, 8LD, EV 101.9 MPH)
|
Batting: LHB Jarrett Mordecai
|
0-0: Ball 1-0: Foul Ball, location: 2F 1-1: Swinging Strike 1-2: Ball 2-2: Foul Ball, location: 2F 2-2: Foul Ball, location: 2F 2-2: Foul Ball, location: 2F 2-2: Ball 3-2: SINGLE (Groundball, 34D, EV 86.9 MPH) (infield hit) Joe Sandoval to third Ray Llewellyn to second
|
Batting: LHB Sakae Kasahara
|
0-0: Ball 1-0: Foul Ball, location: 2F 1-1: Foul Ball, location: 2F 1-2: Strikes out swinging
|
Batting: RHB Nick Esteves
|
0-0: Swinging Strike 0-1: Ball 1-1: Called Strike 1-2: Foul Ball, location: 2F 1-2: Foul Ball, location: 2F 1-2: Strikes out swinging
|
Top of the 3rd over - 0 runs, 2 hits, 0 errors, 3 left on base; Boston 2 - Baltimore 1 |
BOTTOM OF THE 3RD |
Baltimore Orioles batting - Pitching for Boston Red Sox : LHP Momosuke Sato
|
Batting: SHB Robbie Rogers
|
0-0: Fly out, F5 (Line Drive, 5, EV 70.6 MPH)
|
Batting: RHB Bobby Ayala
|
0-0: Ball 1-0: Foul Ball, location: 2F 1-1: Foul Ball, location: 2F 1-2: Ground out 1-3 (Groundball, P, EV 75.0 MPH)
|
Batting: RHB Rudo Garciaparra
|
0-0: Ball 1-0: Called Strike 1-1: Swinging Strike 1-2: Fly out, F8 (Flyball, 8RM, EV 90.6 MPH)
|
Bottom of the 3rd over - 0 runs, 0 hits, 0 errors, 0 left on base; Boston 2 - Baltimore 1 |
TOP OF THE 4TH |
Boston Red Sox batting - Pitching for Baltimore Orioles : RHP Dustin Noriega
|
Batting: RHB Jose Diaz
|
0-0: Called Strike 0-1: Foul Ball, location: 2F 0-2: Foul Ball, location: 2F 0-2: Strikes out swinging
|
Batting: SHB Greg Shaw
|
0-0: SINGLE (Groundball, 34D, EV 100.6 MPH)
|
Batting: RHB Mike McElroy
|
0-0: Ball 1-0: Ball 2-0: Foul Ball, location: 2F 2-1: Called Strike 2-2: Fly out, F8 (Flyball, 8LXD, EV 102.5 MPH)
|
Batting: RHB Joe Sandoval
|
0-0: Ball 1-0: Fielders Choice at 2nd, 5-4 (Groundball, 56, EV 103.8 MPH)
|
Top of the 4th over - 0 runs, 1 hit, 0 errors, 1 left on base; Boston 2 - Baltimore 1 |
BOTTOM OF THE 4TH |
Baltimore Orioles batting - Pitching for Boston Red Sox : LHP Momosuke Sato
|
Batting: RHB Saimei Kudo
|
0-0: Called Strike 0-1: Ball 1-1: Hit by Pitch
|
Batting: SHB Jason Hayes
|
0-0: Called Strike 0-1: Ball 1-1: Ball 2-1: Swinging Strike 2-2: Strikes out looking
|
Batting: RHB Raul Mendoza
|
0-0: Ball 1-0: Swinging Strike 1-1: Grounds into double play, 4-6-3 (Groundball, 34, EV 86.9 MPH)
|
Bottom of the 4th over - 0 runs, 0 hits, 0 errors, 0 left on base; Boston 2 - Baltimore 1 |
TOP OF THE 5TH |
Boston Red Sox batting - Pitching for Baltimore Orioles : RHP Dustin Noriega
|
Batting: RHB Ray Llewellyn
|
0-0: Ball 1-0: Swinging Strike 1-1: Ball 2-1: Called Strike 2-2: Ball 3-2: Base on Balls
|
Batting: LHB Kevin McCormic Jr.
|
0-0: Ball 1-0: Ball 2-0: Fly out, F9 (Flyball, 89S, EV 86.2 MPH)
|
Batting: LHB Jarrett Mordecai
|
0-0: Ball 1-0: Foul Ball, location: 2F 1-1: Ball 2-1: Foul Ball, location: 2F 2-2: SINGLE (Line Drive, 8RS, EV 103.1 MPH) Ray Llewellyn to second
|
Batting: LHB Sakae Kasahara
|
0-0: Called Strike 0-1: Swinging Strike 0-2: Ball 1-2: Ball 2-2: Strikes out looking
|
Batting: RHB Nick Esteves
|
0-0: Called Strike 0-1: Ball 1-1: Fly out, F8 (Flyball, 8RD, EV 105.0 MPH)
|
Top of the 5th over - 0 runs, 1 hit, 0 errors, 2 left on base; Boston 2 - Baltimore 1 |
BOTTOM OF THE 5TH |
Baltimore Orioles batting - Pitching for Boston Red Sox : LHP Momosuke Sato
|
Batting: RHB Travis Leonard
|
0-0: Ball 1-0: Ball 2-0: Ball 3-0: Called Strike 3-1: Fly out, F7 (Flyball, 7, EV 77.5 MPH)
|
Batting: SHB Eduardo Maldonado
|
0-0: Hit by Pitch
|
Batting: RHB Luis Ramos
|
0-0: Swinging Strike 0-1: Sac Bunt to 15S - play at second, runner OUT! 1-6
|
Batting: SHB Robbie Rogers
|
0-0: Ball 1-0: DOUBLE (Line Drive, 89D, EV 115.0 MPH) Luis Ramos to third Runner from 3rd tries for Home, SAFE, throw by CF to home
|
Batting: RHB Bobby Ayala
|
0-0: Called Strike 0-1: Ball 1-1: Ball 2-1: Called Strike 2-2: Ball 3-2: Foul Ball, location: 2F 3-2: Base on Balls
|
Batting: RHB Rudo Garciaparra
|
0-0: Ball 1-0: SINGLE (Flyball, 8RS, EV 90.0 MPH) Robbie Rogers to third Bobby Ayala to second Runner from 3rd tries for Home, SAFE, throw by CF to home
|
Batting: RHB Saimei Kudo
|
0-0: Called Strike 0-1: Called Strike 0-2: Ball 1-2: Strikes out swinging
|
Bottom of the 5th over - 2 runs, 2 hits, 0 errors, 2 left on base; Boston 2 - Baltimore 3 |
TOP OF THE 6TH |
Boston Red Sox batting - Pitching for Baltimore Orioles : RHP Dustin Noriega
|
Batting: RHB Jose Diaz
|
0-0: Ball 1-0: Ball 2-0: SINGLE (Groundball, 56D, EV 95.0 MPH)
|
Batting: SHB Greg Shaw
|
0-0: Fielders Choice at 2nd, 3-6 (Groundball, 3S, EV 85.6 MPH)
|
Pitching: LHP Marko Emchenko
|
|
Batting: RHB Mike McElroy
|
0-0: Ball 1-0: Ball 2-0: Ball 3-0: Base on Balls Greg Shaw to second
|
Batting: RHB Joe Sandoval
|
0-0: Called Strike 0-1: Grounds into double play, 4-6-3 (Groundball, 4, EV 91.2 MPH)
|
Top of the 6th over - 0 runs, 1 hit, 0 errors, 1 left on base; Boston 2 - Baltimore 3 |
BOTTOM OF THE 6TH |
Baltimore Orioles batting - Pitching for Boston Red Sox : LHP Momosuke Sato
|
Batting: SHB Jason Hayes
|
0-0: Foul Ball, location: 2F 0-1: SOLO HOME RUN (Line Drive, 8LXD, EV 116.2 MPH), Distance : 439 ft
|
Batting: RHB Raul Mendoza
|
0-0: Ball 1-0: Fly out, F9 (Flyball, 9, EV 90.0 MPH)
|
Batting: RHB Travis Leonard
|
0-0: Foul Ball, location: 2F 0-1: Foul Ball, location: 2F 0-2: Ball 1-2: Foul Ball, location: 2F 1-2: Strikes out swinging
|
Batting: SHB Eduardo Maldonado
|
0-0: Called Strike 0-1: Ground out 6-3 (Groundball, 56, EV 78.1 MPH)
|
Bottom of the 6th over - 1 run, 1 hit, 0 errors, 0 left on base; Boston 2 - Baltimore 4 |
TOP OF THE 7TH |
Boston Red Sox batting - Pitching for Baltimore Orioles : LHP Marko Emchenko
|
Batting: RHB Ray Llewellyn
|
0-0: Ball 1-0: Foul Ball, location: 2F 1-1: Fly out, F7 (Flyball, 78S, EV 85.6 MPH)
|
Batting: LHB Kevin McCormic Jr.
|
0-0: Ball 1-0: Foul Ball, location: 2F 1-1: Ball 2-1: Foul Ball, location: 2F 2-2: Ball 3-2: Strikes out looking
|
Pinch Hitting: RHB Alois Wollf
|
0-0: Called Strike 0-1: Fly out, F7 (Flyball, 7LM, EV 89.4 MPH)
|
Top of the 7th over - 0 runs, 0 hits, 0 errors, 0 left on base; Boston 2 - Baltimore 4 |
BOTTOM OF THE 7TH |
Baltimore Orioles batting - Pitching for Boston Red Sox : LHP Momosuke Sato
|
Now at 1B: Ray Llewellyn
|
|
Now at 2B: Joe Sandoval
|
|
Now at 3B: Mike McElroy
|
|
Now at SS: Alois Wollf
|
|
Batting: RHB Luis Ramos
|
0-0: Ball 1-0: SINGLE (Groundball, 6MD, EV 106.2 MPH)
|
Batting: SHB Robbie Rogers
|
0-0: SINGLE (Groundball, 4M, EV 108.1 MPH) (infield hit) Luis Ramos to second
|
Batting: RHB Bobby Ayala
|
0-0: Called Strike 0-1: Ball Luis Ramos steals 3rd base Robbie Rogers to second 1-1: Called Strike 1-2: Strikes out swinging
|
Batting: RHB Rudo Garciaparra
|
0-0: Foul Ball, location: 2F 0-1: Swinging Strike 0-2: Foul Ball, location: 2F 0-2: Strikes out swinging
|
Pitching: RHP John Jordan
|
|
Batting: RHB Saimei Kudo
|
0-0: Ball 1-0: Ball 2-0: Ball 3-0: Base on Balls
|
Batting: SHB Jason Hayes
|
0-0: Ball 1-0: Called Strike 1-1: Ball 2-1: Foul Ball, location: 2F 2-2: Fly out, F3 (Popup, 3SF, EV 61.9 MPH)
|
Bottom of the 7th over - 0 runs, 2 hits, 0 errors, 3 left on base; Boston 2 - Baltimore 4 |
TOP OF THE 8TH |
Boston Red Sox batting - Pitching for Baltimore Orioles : LHP Marko Emchenko
|
Batting: RHB David Price Jr.
|
0-0: Foul Ball, location: 2F 0-1: Ground out 2-3 (Groundball, 2R, EV 70.6 MPH)
|
Batting: RHB Nick Esteves
|
0-0: Ball 1-0: Ball 2-0: Ground out 4-3 (Groundball, 4, EV 86.2 MPH)
|
Batting: RHB Jose Diaz
|
0-0: Swinging Strike 0-1: Swinging Strike 0-2: Strikes out swinging
|
Top of the 8th over - 0 runs, 0 hits, 0 errors, 0 left on base; Boston 2 - Baltimore 4 |
BOTTOM OF THE 8TH |
Baltimore Orioles batting - Pitching for Boston Red Sox : RHP John Jordan
|
Batting: RHB Raul Mendoza
|
0-0: Called Strike 0-1: Swinging Strike 0-2: Ball 1-2: Ball 2-2: Foul Ball, location: 2F 2-2: Strikes out swinging
|
Batting: RHB Travis Leonard
|
0-0: Foul Ball, location: 2F 0-1: Fly out, F8 (Flyball, 8RD, EV 98.1 MPH)
|
Batting: SHB Eduardo Maldonado
|
0-0: Ground out 4-3 (Groundball, 4M, EV 83.8 MPH)
|
Bottom of the 8th over - 0 runs, 0 hits, 0 errors, 0 left on base; Boston 2 - Baltimore 4 |
TOP OF THE 9TH |
Boston Red Sox batting - Pitching for Baltimore Orioles : LHP Marko Emchenko
|
Pitching: RHP Hector Aguado
|
|
Batting: SHB Greg Shaw
|
0-0: Ball 1-0: Ball 2-0: Ball 3-0: Base on Balls
|
Pinch Hitting: SHB Marvin Lawrence
|
0-0: Ball 1-0: Ball 2-0: 2-RUN HOME RUN (Flyball, 89XD, EV 113.1 MPH), Distance : 461 ft
|
Pinch Hitting: SHB Ben Ervin
|
0-0: Ball 1-0: Called Strike 1-1: Called Strike 1-2: Ball 2-2: Strikes out swinging
|
Batting: RHB Ray Llewellyn
|
0-0: Foul Ball, location: 2F 0-1: Ball 1-1: Ball 2-1: Swinging Strike 2-2: Foul Ball, location: 2F 2-2: Ball 3-2: Foul Ball, location: 2F 3-2: Foul Ball, location: 2F 3-2: Fly out, F9 (Flyball, 9D, EV 106.2 MPH)
|
Batting: LHB Kevin McCormic Jr.
|
0-0: Swinging Strike 0-1: Ball 1-1: Swinging Strike 1-2: SOLO HOME RUN (Line Drive, 89XD, EV 109.4 MPH), Distance : 413 ft
|
Batting: RHB Alois Wollf
|
0-0: Ball 1-0: Called Strike 1-1: Fly out, F9 (Flyball, 89M, EV 93.8 MPH)
|
Top of the 9th over - 3 runs, 2 hits, 0 errors, 0 left on base; Boston 5 - Baltimore 4 |
BOTTOM OF THE 9TH |
Baltimore Orioles batting - Pitching for Boston Red Sox : RHP John Jordan
|
Pitching: RHP Guadalupe Vasguez
|
|
Now at 1B: Kevin McCormic Jr.
|
|
Now at 2B: Elijah Campbell
|
|
Now at 3B: Ben Ervin
|
|
Now in LF: Jose Diaz
|
|
Now in RF: Marvin Lawrence
|
|
Batting: RHB Luis Ramos
|
0-0: Called Strike 0-1: Swinging Strike 0-2: Strikes out swinging
|
Batting: SHB Robbie Rogers
|
0-0: Foul Ball, location: 2F 0-1: Foul Ball, location: 2F 0-2: Ball 1-2: Ball 2-2: DOUBLE (Line Drive, 78D, EV 105.0 MPH)
|
Batting: RHB Bobby Ayala
|
0-0: Ball 1-0: Called Strike 1-1: Foul Ball, location: 2F 1-2: Strikes out swinging
|
Batting: RHB Rudo Garciaparra
|
0-0: Called Strike 0-1: Ground out 6-3 (Groundball, 6, EV 90.0 MPH)
|
Bottom of the 9th over - 0 runs, 1 hit, 0 errors, 1 left on base; Boston 5 - Baltimore 4 |
|